 Dungeon Crawl Stone Soup version 0.29-a0-392-g297d3b089c (webtiles) character file.

Game seed: 12235484322067636813

12693 dolemite99 the Grappler (level 11, -5/115 HPs)
             Began as a Troll Chaos Knight on May 9, 2022.
             Was a Plaything of Xom.
             Slain by a white ugly thing (31 damage)
             ... on level 9 of the Dungeon.
             The game lasted 00:13:28 (12595 turns).

dolemite99 the Grappler (Troll Chaos Knight)       Turns: 12595, Time: 00:13:29

Health: -5/115     AC:  7    Str: 26      XL:     11   Next: 65%
Magic:  10/10      EV:  9    Int: 10      God:    Xom [*.....]
Gold:   297        SH:  0    Dex:  7 (9)  Spells: 10/10 levels left

rFire   + + .      SeeInvis .     - Unarmed
rCold   . . .      Faith    .   (no shield)
rNeg    . . .      Spirit   .   I - +0 steam dragon scales
rPois   .          Reflect  .   H - +0 hat {Will+}
rElec   .          Harm     .   (no cloak)
rCorr   .          Rampage  .   (gloves unavailable)
Will    +....                   (boots unavailable)
Stlth   +.........              (no amulet)
HPRegen 2.69/turn               G - ring of protection from fire
MPRegen 0.12/turn               (no ring)

@: studying Polearms
A: large, unfitting armour, claws 3, regeneration 3, shaggy fur 1, tough skin 1,
antennae 1, hooves 1, clever 1, deterioration 1, fire resistance 1, passive
freeze, sturdy frame 1, noise suppression
a: Renounce Religion


You were on level 9 of the Dungeon.
You worshipped Xom.
You were a special plaything of Xom.
You visited 1 branch of the dungeon, and saw 9 of its levels.
You also visited: Sewer.

You collected 566 gold pieces.
You spent 269 gold pieces at shops.

Inventory:

Hand Weapons
 o - a +3 whip of venom
Missiles
 c - 8 curare-tipped darts
 f - 240 stones
 g - 5 boomerangs
 A - 20 poisoned darts
 B - 5 atropa-tipped darts
 D - 2 silver javelins
 E - 3 large rocks (quivered)
Armour
 H - a +0 hat of willpower (worn)
 I - +0 steam dragon scales (worn)
Jewellery
 G - a ring of protection from fire (left claw)
Wands
 m - a wand of charming (22)
 u - a wand of iceblast (10)
 v - a wand of digging (2)
 x - a wand of paralysis (11)
 F - a wand of flame (12)
Scrolls
 a - 2 scrolls of amnesia
 i - 2 scrolls of fear
 n - a scroll of poison
 t - a scroll of vulnerability
 w - a scroll of identify {@r1}
 y - 3 scrolls of brand weapon
 z - 4 scrolls of teleportation
 J - a scroll of summoning
Potions
 d - 4 potions of curing
 e - 3 potions of flight {unknown}
 h - 2 potions of berserk rage {unknown}
 j - 2 potions of attraction {unknown}
 k - 2 potions of lignification {unknown}
 l - a potion of degeneration {unknown}
 p - a potion of heal wounds {unknown}
 q - 2 potions of haste {unknown}
 r - a potion of resistance {unknown}
 s - 2 potions of invisibility {unknown}
 C - a potion of brilliance {unknown}
Miscellaneous
 b - a piece from Xom's chessboard (14/15)


   Skills:
 + Level 9.0 Fighting
 + Level 9.4 Throwing
 - Level 1.9 Dodging
 - Level 12.5 Unarmed Combat


You had 10 spell levels left.
You didn't know any spells.
Your spell library contained the following spells:

 Spells                   Type           Power      Damage    Failure   Level
 Animate Skeleton         Necr           0%         N/A       36%         1
 Apportation              Tloc           0%         N/A       36%         1
 Magic Dart               Conj           0%         1d3       36%         1
 Shock                    Conj/Air       0%         1d3       36%         1
 Summon Small Mammal      Summ           0%         N/A       36%         1
 Call Imp                 Summ           0%         N/A       50%         2
 Mephitic Cloud           Conj/Pois/Air  0%         N/A       75%         3
 Swiftness                Air            0%         N/A       75%         3
 Airstrike                Air            0%         N/A       98%         4


Dungeon Overview and Level Annotations

Branches:
Dungeon (9/15)             Temple (0/1) D:4           Sewer (visited)
   Lair: D:8-11         Orc: D:9-12

Altars:
Gozag
Makhleb
Nemelex Xobeh
Ru
Trog
Vehumet
Wu Jian
Xom
Zin
The Shining One

Shops:
D:1 [   D:3 :(?(   D:6 (

Annotations:
D:9 1 runed translucent door


Innate Abilities, Weirdness & Mutations

You are too large for most types of armour.
You have claws for hands.
You regenerate.
You are covered in fur. (AC +1)
You have tough skin. (AC +1)
You have a pair of small antennae on your head.
You have large cloven feet.
Your mind is acute. (Int +2)
Your body sometimes deteriorates upon taking damage.
Your flesh is heat resistant. (rF+)
A frigid envelope surrounds you and freezes all who hurt you.
Your movements are slightly less encumbered by armour. (ER -2)
You passively dampen the noise of your surroundings.


Message History

A white ugly thing is nearby!
A white ugly thing is nearby!
Unknown command.
A white ugly thing is nearby!
A white ugly thing is nearby!
A white ugly thing is nearby!
A white ugly thing is nearby!
Unknown command.
A white ugly thing is nearby!
A white ugly thing is nearby!
You see here an ugly thing corpse.
Unknown command.
Unknown command.
Items here: ( | ††.
You see here a large rock.
E - 3 large rocks (gained 1)
You mangle the white ugly thing!!
You kick the white ugly thing, but do no damage.
The white ugly thing is moderately wounded.
The white ugly thing gores you. The white ugly thing freezes you!!
You barely miss the white ugly thing. Your kick misses the white ugly thing.
The white ugly thing is moderately wounded.
You closely miss the white ugly thing. Your kick misses the white ugly thing.
The white ugly thing is moderately wounded.
The white ugly thing gores you. The white ugly thing freezes you!
Your body deteriorates!
You feel clumsy.
The white ugly thing completely resists.
You claw the white ugly thing!
The white ugly thing is heavily wounded.
The white ugly thing gores you. The white ugly thing freezes you!!
* * * LOW HITPOINT WARNING * * *
Your body deteriorates!
You feel clumsy.
The white ugly thing resists.
The white ugly thing is very cold.
The white ugly thing is heavily wounded.
You claw the white ugly thing!
The white ugly thing is severely wounded.
The white ugly thing gores you!
* * * LOW HITPOINT WARNING * * *
The white ugly thing freezes you!!
You die...

##.##..#...#.)# #...............
##.##...#.#..)##.##..............
#...##.#...#.##...#....##########
#...##..#.#..##...##...#
.....###...###.....#...#
.....##.#.#)##.....##..#
#####.##...##.##.##.#..#
#...#.###.####.#u#.###.##
#.###..##.##.###@###.#..##
#......##)##..†(.....##..##
#####.##.##.#########.#...#######
.....##)##.#.....#.# #..........
.....##.##.##...##.# ##.........
##..##.#.##.#...#.## #..#######
#...##...##.##.##.# ##.##
#..##.###.##.#.#.## #..#
...##.....##.#'#.# ##.######


You could see a white ugly thing.

Vanquished Creatures
  A catoblepas (D:9)
  4 two-headed ogres (D:9)
  A tengu warrior (D:9)
  An ugly thing (D:9)
  A cyclops (D:7)
  A manticore (D:9)
  A gargoyle (D:9)
  A hornet (D:6)
  16 yaks
  2 wyverns (D:9)
  A basilisk (D:9)
  3 steam dragons
  2 orc warriors (D:9)
  An ice beast (D:7)
  A black bear (D:4)
  3 sky beasts (D:8)
  An ogre (D:5)
  4 centaurs
  Blork the orc (D:4)
  8 bullfrogs
  A necrophage (D:7)
  2 scorpions (D:5)
  15 wights
  12 killer bees
  3 howler monkeys
  7 jellies
  5 hounds
  3 orc priests
  A gnoll shaman (D:8)
  Ijyb (D:3)
  A hell rat (Sewer)
  6 iguanas
  6 orc wizards
  8 gnolls
  6 adders
  2 river rats
  2 shadow imps (D:7)
  2 white imps
  A howler monkey simulacrum (D:9)
  An ufetubus (D:5)
  A worm (D:5)
  3 dart slugs
  27 orcs
  5 bats
  5 endoplasms
  2 giant cockroaches
  8 goblins
  6 hobgoblins
  4 jackals (D:1)
  3 quokkas
  11 ball pythons
  4 frilled lizards
  3 kobolds
  7 rats
228 creatures vanquished.

Vanquished Creatures (collateral kills)
  A steam dragon (D:8)
  A wight (D:9)
  A kobold (D:1)
3 creatures vanquished.

Vanquished Creatures (others)
  A wizard (D:9)
  An orc wizard (D:6)
  An orc (D:6)
  31 plants (D:5)
34 creatures vanquished.

Grand Total: 265 creatures vanquished

Notes
Turn   | Place    | Note
-------+----------+-------------------------------------------
     0 | D:1      | dolemite99 the Troll Chaos Knight began the quest for the
                  | Orb.
     0 | D:1      | Reached XP level 1. HP: 22/22 MP: 0/0
    35 | D:1      | XOM: divination: detect items
    98 | D:1      | Found Nadoax's Armour Emporium.
   146 | D:1      | Reached XP level 2. HP: 29/29 MP: 1/1
   538 | D:1      | Found a faded altar of an unknown god.
   538 | D:1      | XOM: cast spell 'Summon Small Mammal'
   814 | D:2      | Reached skill level 4 in Unarmed Combat
   858 | D:2      | Reached XP level 3. HP: 34/36 MP: 2/2
   912 | D:2      | XOM: god gift: club {god gift}
   961 | D:2      | Found an ornate altar of the Wu Jian Council.
  1198 | D:2      | Reached XP level 4. HP: 29/44 MP: 3/3
  1212 | D:2      | Reached skill level 5 in Unarmed Combat
  1230 | D:2      | XOM is BORED!
  1230 | D:2      | XOM: noise
  1569 | D:3      | Found Hougaor's Antique Weapon Shoppe.
  1754 | D:3      | Found Umer Gei's Weapon Shop.
  1844 | D:3      | Noticed Ijyb
  1866 | D:3      | Killed Ijyb
  1867 | D:3      | Reached XP level 5. HP: 49/50 MP: 4/4
  1873 | D:3      | XOM: 5-stop teleportation journey
  2014 | D:3      | Found Zeifo's Book Emporium.
  2123 | D:3      | Found Usahikh's Magic Scroll Shop.
  2135 | D:3      | Bought a scroll of teleportation for 36 gold pieces
  2143 | D:3      | XOM: cloud trail
  2380 | D:4      | Noticed a black bear
  2389 | D:4      | Killed a black bear
  2390 | D:4      | Reached skill level 6 in Unarmed Combat
  2540 | D:4      | Found a glowing silver altar of Zin.
  2808 | D:4      | Reached XP level 6. HP: 42/59 MP: 5/5
  3020 | D:4      | Noticed Blork the orc
  3028 | D:4      | Killed Blork the orc
  3029 | D:4      | Reached skill level 7 in Unarmed Combat
  3083 | D:4      | XOM: divination: detect creatures
  3167 | D:4      | XOM: noise
  3241 | D:4      | XOM: cloud trail
  3561 | D:4      | Found a staircase to the Ecumenical Temple.
  3563 | D:4      | XOM: noise
  3894 | D:5      | Entered Level 5 of the Dungeon
  3894 | D:5      | Found a glowing drain.
  3910 | Sewer    | Entered a sewer
  3917 | Sewer    | Reached skill level 8 in Unarmed Combat
  3937 | Sewer    | XOM: divination: magic mapping
  3946 | Sewer    | Reached XP level 7. HP: 62/66 MP: 6/6
  3997 | D:5      | XOM: polymorph giant cockroach -> bat
  4008 | D:5      | XOM: divination: detect items
  4347 | D:5      | XOM: cloud trail
  4680 | D:5      | XOM: god gift: brass wand {god gift}
  4691 | D:5      | XOM: 1-stop teleportation journey
  4746 | D:5      | Reached skill level 9 in Unarmed Combat
  4751 | D:5      | XOM: confuse monster(s)
  4753 | D:5      | XOM: summons friendly iron imp
  5097 | D:5      | XOM: cloud trail
  5432 | D:5      | XOM: silly message
  5804 | D:6      | Found Qeipt's Weapon Shop.
  5806 | D:6      | Noticed a steam dragon
  5818 | D:6      | XOM: butterfly on damage
  5846 | D:5      | XOM: noise
  6261 | D:6      | XOM: silly message
  6292 | D:6      | Reached XP level 8. HP: 71/74 MP: 7/7
  6340 | D:6      | Bought 6 poisoned darts for 31 gold pieces
  6340 | D:6      | Bought 6 atropa-tipped darts for 46 gold pieces
  6462 | D:6      | Reached skill level 10 in Unarmed Combat
  6670 | D:6      | Noticed a hornet
  6670 | D:6      | a sky beast changed into a hornet
  6670 | D:6      | XOM: polymorph sky beast -> hornet
  6671 | D:6      | XOM: summons 4 friendly demons
  6676 | D:6      | Killed a hornet
  6790 | D:7      | Reached skill level 11 in Unarmed Combat
  6870 | D:7      | XOM: polymorph killer bee -> iguana
  6878 | D:7      | Reached skill level 12 in Unarmed Combat
  6894 | D:7      | XOM: give mutations
  6894 | D:7      | Gained mutation: Your muscles are strong. (Str +2) [Xom's
                  | grace]
  6894 | D:7      | Gained mutation: Your movements are slightly less
                  | encumbered by armour. (ER -2) [Xom's grace]
  6894 | D:7      | Gained mutation: Your flesh is heat resistant. (rF+) [Xom's
                  | grace]
  7081 | D:7      | Reached XP level 9. HP: 77/80 MP: 8/8
  7115 | D:7      | XOM: cloud trail
  7120 | D:7      | XOM: summons friendly shadow imp
  7327 | D:7      | XOM: 5-stop teleportation journey
  7341 | D:7      | Reached skill level 1 in Throwing
  7376 | D:7      | Found a glowing golden altar of the Shining One.
  7475 | D:7      | Noticed a cyclops
  7483 | D:7      | Killed a cyclops
  7632 | D:7      | XOM: scenery: create altars
  7698 | D:7      | XOM: cloud trail
  7708 | D:7      | XOM: god gift: 52 gold pieces
  7713 | D:7      | XOM: give mutations
  7713 | D:7      | Lost mutation: Your muscles are strong. (Str +2) [Xom's
                  | mischief]
  7713 | D:7      | Gained mutation: Your body sometimes deteriorates upon
                  | taking damage. [Xom's mischief]
  7797 | D:5      | XOM: scenery: summon butterflies
  7846 | D:3      | Bought a scroll of summoning for 114 gold pieces
  7846 | D:3      | Bought a scroll of magic mapping for 42 gold pieces
  7898 | D:5      | XOM: silly message
  8112 | D:7      | Found a burning altar of Makhleb.
  8335 | D:8      | XOM: cast spell 'Summon Cactus Giant'
  8386 | D:8      | XOM: god gift: great mace {god gift}
  8471 | D:8      | XOM: swap monsters
  8510 | D:8      | Reached skill level 5 in Fighting
  8515 | D:8      | Reached XP level 10. HP: 88/96 MP: 9/9
  8525 | D:8      | Reached skill level 5 in Throwing
  8631 | D:8      | XOM: 3-stop teleportation journey
  8709 | D:8      | XOM: fog
  9246 | D:8      | XOM is BORED!
  9246 | D:8      | XOM: stat loss: -1 Dex (8/9)
  9401 | D:8      | XOM: god gift: glowing falchion {god gift}
  9470 | D:8      | XOM: give mutations
  9470 | D:8      | Gained mutation: A frigid envelope surrounds you and
                  | freezes all who hurt you. [Xom's grace]
  9470 | D:8      | Gained mutation: You passively dampen the noise of your
                  | surroundings. [Xom's grace]
  9470 | D:8      | Gained mutation: You have large cloven feet. [Xom's grace]
  9539 | D:8      | XOM: god gift: +0 hat of willpower
  9646 | D:9      | Found a bloodstained altar of Trog.
  9647 | D:9      | Noticed a wizard
  9652 | D:9      | Killed a wizard
  9787 | D:9      | Found an opulent altar of Gozag.
  9883 | D:9      | Noticed a two-headed ogre
  9883 | D:9      | Noticed a two-headed ogre
  9897 | D:9      | Killed a two-headed ogre
  9899 | D:9      | Killed a two-headed ogre
  9955 | D:9      | Noticed a two-headed ogre
  9959 | D:9      | Killed a two-headed ogre
 10008 | D:9      | Reached XP level 11. HP: 74/109 MP: 10/10
 10481 | D:9      | XOM: fake destruction
 10688 | D:9      | Noticed a catoblepas
 10699 | D:9      | Killed a catoblepas
 11016 | D:9      | Noticed a two-headed ogre
 11020 | D:9      | Killed a two-headed ogre
 11039 | D:9      | Found a runed translucent door.
 11041 | D:9      | Noticed a tengu warrior
 11041 | D:9      | Noticed a cyan ugly thing
 11546 | D:9      | Found a sacrificial altar of Ru.
 11547 | D:9      | Found a shimmering altar of Xom.
 11547 | D:9      | Found a radiant altar of Vehumet.
 11547 | D:9      | Found an ornate altar of the Wu Jian Council.
 11550 | D:9      | Found a sparkling altar of Nemelex Xobeh.
 11712 | D:9      | XOM is BORED!
 11712 | D:9      | XOM: summons 4 hostile shadow creatures
 12119 | D:9      | XOM: god gift: club {god gift}
 12127 | D:9      | XOM: confuse monster(s)
 12132 | D:9      | Killed a tengu warrior
 12470 | D:9      | XOM: give mutations
 12470 | D:9      | Gained mutation: You heal very quickly. [Xom's grace]
 12470 | D:9      | Gained mutation: You have a pair of small antennae on your
                  | head. [Xom's grace]
 12535 | D:9      | XOM: give mutations
 12535 | D:9      | Gained mutation: You regenerate. [Xom's grace]
 12535 | D:9      | Gained mutation: Your mind is acute. (Int +2) [Xom's grace]
 12548 | D:9      | Noticed a white ugly thing
 12549 | D:9      | XOM: scenery: 1 doors open
 12573 | D:9      | Killed a cyan ugly thing
 12595 | D:9      | Slain by a white ugly thing

Illustrated notes

Levels and vault maps discovered:
D:1:      dpeg_arrival_short_road, layout_rooms, serial_shops,
          nicolae_shop_waterfront, hellmonk_ecumenical_altar_blasted
D:2:      layout_loops_ring, basic_altar, st_stairs_4
D:3:      layout_loops_ring, serial_shops, nicolae_square_shop, shop,
          nicolae_shop_behind_doors, shop, uniq_ijyb
D:4:      layout_loops_ring, nicolae_overflow_crystal_walls,
          minmay_temple_entry_slanted, serial_glass, glass_columns_c,
          glass_columns_a, uniq_blork_the_orc
D:5:      layout_layer_cave, portal_sewer_entry_a,
          chequers_serial_rivers_room_a, minmay_misc_feat_x, dk_noncrumbling_4,
          serial_bayou_lagoon_a, dreamdust_princess_bridge
D:6:      layout_rooms, serial_shops, shop
D:7:      layout_loops_ring, tso_metal_star,
          mainiacjoe_overflow_surrounded_room, minmay_manual_mullet
D:8:      layout_basic, hangedman_misty_isle
D:9:      minmay_the_grid_triangle_9x9_rhombus_full
          [minmay_the_grid_triangle_9x9_pentomino_pain,
          minmay_the_grid_triangle_9x9_flanged_cone,
          minmay_the_grid_triangle_9x9_thin_v,
          minmay_the_grid_triangle_9x9_intruding_spiral,
          minmay_the_grid_triangle_9x9_zippers_vertical,
          minmay_the_grid_triangle_9x9_warning,
          minmay_the_grid_triangle_9x9_subtriangle,
          minmay_the_grid_triangle_9x9_prize_top_heavy], layout_long_grid,
          trog_wizard, minitemple, mainiacjoe_overflow_24_doors,
          hellmonk_guarded_unrand_dark_maul

Skill      XL: |  1  2  3  4  5  6  7  8  9 10 11 |
---------------+----------------------------------+-----
Unarmed Combat | 4 5 6 8 9 12 | 12.5
Throwing       | 4 7 9 |  9.4
Fighting       | 5 7 9 |  9.0
Dodging        | |  1.9

Action                   |  1- 3 |  4- 6 |  7- 9 | 10-12 || total
-------------------------+-------+-------+-------+-------++-------
Melee: Unarmed           |    95 |   128 |   205 |   150 ||   578
       Punch             |       |     6 |     4 |     9 ||    19
       Kick              |       |       |       |    24 ||    24
Throw: Boomerang         |       |       |    16 |       ||    16
       Dart              |       |       |     3 |    11 ||    14
       Large rock        |       |       |    11 |    47 ||    58
       Stone             |       |       |       |     4 ||     4
Evoke: Piece from Xom's  |    18 |    11 |     4 |       ||    33
       Wand              |       |       |       |     2 ||     2
  Use: Scroll            |     1 |     6 |     3 |     3 ||    13
       Potion            |       |       |     3 |       ||     3
 Stab: Petrified         |     5 |       |       |       ||     5
       Sleeping          |       |     2 |       |       ||     2
       Confused          |       |     1 |       |       ||     1
Armor: Robe              |    40 |    56 |   113 |       ||   209
       Steam dragon scal |       |       |     2 |    31 ||    33
Dodge: Dodged            |    47 |    61 |   120 |    66 ||   294

Table legend: (Time is in decaauts)
 A = Elapsed time spent in this place.
 B = Non-inter-level travel time spent in this place.
 C = Inter-level travel time spent in this place.
 D = Time resting spent in this place.
 E = Time spent auto-exploring this place.
 F = Levels seen in this place.
 G = Mean time per level.
                   A        B        C        D        E       F      G
               +--------+--------+--------+--------+--------+-----+--------+
         Total |  12589 |  11882 |    707 |   4129 |   5468 |  10 | 1258.9 |
       Dungeon |  12504 |  11797 |    707 |   4129 |   5439 |   9 | 1389.3 |
         Sewer |     84 |     84 |      0 |      0 |     28 |   1 |   84.0 |
               +--------+--------+--------+--------+--------+-----+--------+

Top non-repeatable levels by time:
     D:9: 3043 daAuts
     D:5: 2110 daAuts
     D:4: 1839 daAuts
     D:8: 1286 daAuts
     D:7: 1233 daAuts
     D:3: 841 daAuts
     D:2: 752 daAuts
     D:1: 747 daAuts
     D:6: 650 daAuts
   Sewer: 84 daAuts
